 Dungeon Crawl Stone Soup version 0.22.1-1-ga44c0e56f4 (webtiles) character file.

127 Ivernyr the Magician (level 5, -4/42 HPs)
             Began as a Naga Wizard on Oct 19, 2018.
             Killed from afar by a dart slug (5 damage)
             ... with a slug dart
             ... on level 3 of the Dungeon.
             The game lasted 00:19:28 (2754 turns).

Ivernyr the Magician (Naga Wizard)                  Turns: 2754, Time: 00:19:29

Health: -4/42      AC:  2    Str:  9    XL:     5   Next: 11%
Magic:  0/11       EV: 25    Int: 31    God:
Gold:   68         SH:  0    Dex:  9    Spells: 3/12 levels left

rFire    + . .     SeeInvis +   h - +0 spear
rCold    + . .     Gourm    .   (no shield)
rNeg     . . .     Faith    .   a - +0 robe
rPois    +         Spirit   .   (no helmet)
rElec    +         Reflect  .   (no cloak)
rCorr    +         Harm     .   (no gloves)
MR       .....                  (no barding)
Stlth    ++........             o - amulet of the acrobat
HPRegen  0.14/turn              j - +5 ring of intelligence
MPRegen  0.12/turn              m - +6 ring of intelligence

@: resistant, very slightly contaminated, hasted, quick
A: large, see invisible, deformed body, poison resistance, slowness 2, slow
metabolism 1, spit poison 1, AC +1
a: Spit Poison


You were on level 3 of the Dungeon.
You were not hungry.

You visited 1 branch of the dungeon, and saw 3 of its levels.

You collected 68 gold pieces.

Inventory:

Hand Weapons
 h - a +0 spear (weapon)
Armour
 a - a +0 robe (worn)
Jewellery
 j - a +5 ring of intelligence (left hand)
 m - a +6 ring of intelligence (right hand)
 o - an amulet of the acrobat (around neck)
Scrolls
 b - a scroll of enchant armour {unknown}
 e - a scroll of teleportation {unknown}
 f - a scroll of remove curse {unknown}
 i - 2 scrolls of enchant weapon {unknown}
 l - 2 scrolls of identify {unknown}
Potions
 c - a potion of resistance
 k - a potion of might {unknown}
Comestibles
 d - 4 rations


   Skills:
 - Level 1.5 Dodging
 - Level 3.0 Stealth
 + Level 4.2 Spellcasting
 + Level 3.3 Conjurations
   Level 1.0 Summonings
 - Level 1.0 Translocations


You had 3 spell levels left.
You knew the following spells:

 Your Spells              Type           Power        Failure   Level  Hunger
a - Magic Dart            Conj           ####         1%          1    None
b - Blink                 Tloc           N/A          6%          2    None
c - Conjure Flame         Conj/Fire      ###.....     9%          3    #......
d - Mephitic Cloud        Conj/Pois/Air  ##......     11%         3    #......

Your spell library contained the following spells:

 Spells                   Type           Power        Failure   Level  Hunger
 Call Imp                 Summ           ##......     6%          2    None
 Slow                     Hex            #.......     9%          2    None


Dungeon Overview and Level Annotations

Branches:
Dungeon (3/15)

Altars:


Innate Abilities, Weirdness & Mutations

You cannot wear boots.
Your serpentine skin is tough. (AC +1)
You have supernaturally acute eyesight. (SInv)
Armour fits poorly on your strangely shaped body.
Your system is resistant to poisons. (rPois)
You cover ground very slowly.
You have a slow metabolism.
You can spit poison.


Message History

Confirm with . or Enter, or press ? or * to list all spells.
Aiming: Mephitic Cloud (safe; 11% risk of failure)
Press: ? - help, Shift-Dir - straight line, f/p - hound
Aim: a hound (moderately wounded)
You miscast Mephitic Cloud.
You are very lightly contaminated with residual magic.
You feel a strange surge of energy!
You have got your breath back.
The hound bites you but does no damage.
The dart slug bites you but does no damage.
It was a potion of resistance.
You feel protected. The hound barely misses you. The hound closely misses you.
It was a potion of haste.
You feel yourself speed up. The hound bites you.
* * * LOW HITPOINT WARNING * * *
The dart slug closely misses you. The hound completely misses you.
The dart slug launches a dart at you. The slug dart hits you!
You die...

.###.....#
##########.#.......
...... ..........#
#...# #.......##
..###...####.....>...
..............####...
.###...####.w##.!
..###...####..##.# #
.......<......##@#..#
#############.w)h...#
####†#### .... ##.##
.# .. ##. .


You could see a hound and a dart slug.

Vanquished Creatures
  2 gnolls (D:3)
  5 adders
  4 worms
  2 dart slugs (D:2)
  3 leopard geckos (D:1)
  A ball python (D:1)
  5 bats
  A giant cockroach (D:2)
  5 goblins
  6 hobgoblins
  2 jackals (D:1)
  7 frilled lizards
  3 kobolds
  9 rats
55 creatures vanquished.

Notes
Turn   | Place    | Note
-------+----------+-------------------------------------------
     0 | D:1      | Ivernyr the Naga Wizard began the quest for the Orb.
     0 | D:1      | Reached XP level 1. HP: 15/15 MP: 4/4
   347 | D:1      | Reached XP level 2. HP: 22/22 MP: 0/6
   484 | D:1      | Learned a level 2 spell: Blink
  1281 | D:1      | Reached XP level 3. HP: 28/28 MP: 6/8
  2005 | D:2      | Reached XP level 4. HP: 36/36 MP: 5/9
  2124 | D:2      | Learned a level 3 spell: Conjure Flame
  2128 | D:2      | Learned a level 3 spell: Mephitic Cloud
  2191 | D:2      | Reached skill level 4 in Spellcasting
  2743 | D:3      | Reached XP level 5. HP: 18/42 MP: 3/11
  2753 | D:3      | HP: 1/42 [hound (4)]
  2754 | D:3      | Killed from afar by a dart slug

Skill      XL: |  1  2  3  4 |
---------------+-------------+-----
Conjurations   | 2 3 |  3.3
Spellcasting   | 4 |  4.2
Dodging        | |  1.5
Stealth        | |  3.0
Summonings     | |  1.0
Translocations | |  1.0

Action                   |  1- 3 |  4- 6 || total
-------------------------+-------+-------++-------
Melee: Unarmed           |     2 |       ||     2
       Spear             |     1 |    24 ||    25
 Cast: Magic Dart        |    80 |    41 ||   121
       Mephitic Cloud    |       |     3 ||     3
 Abil: Spit Poison       |     3 |     3 ||     6
  Use: Potion            |       |     2 ||     2
 Stab: Confused          |       |     1 ||     1
  Eat: Chunk             |     2 |     2 ||     4
Armor: Robe              |       |     3 ||     3
Dodge: Dodged            |     5 |    16 ||    21
